 Dungeon Crawl Stone Soup version 0.22-a0-619-ga0c6fd2 (webtiles) character file.

3124 Hebeh the Destroyer (level 9, 0/45 HPs)
             Began as a Deep Elf Fire Elementalist on July 15, 2018.
             Was an Initiate of Vehumet.
             Slain by a centaur warrior (2 damage)
             ... on level 8 of the Dungeon.
             The game lasted 00:37:29 (8422 turns).

Hebeh the Destroyer (Deep Elf Fire Elementalist)    Turns: 8422, Time: 00:37:32

Health: 0/45       AC:  5    Str:  5    XL:     9   Next: 61%
Magic:  2/24       EV: 13    Int: 24    God:    Vehumet [......]
Gold:   362        SH:  0    Dex: 15    Spells: 12/26 levels left

rFire    . . .     SeeInvis .   a - +1 short sword
rCold    . . .     Gourm    .   (no shield)
rNeg     . . .     Faith    .   D - +1 robe {Archmagi}
rPois    .         Spirit   .   (no helmet)
rElec    .         Reflect  .   p - +1 cloak
rCorr    .         Harm     .   (no gloves)
MR       .....                  (no boots)
Stlth    ++........             o - amulet of magic regeneration
HPRegen  0.15/turn              j - ring of wizardry
MPRegen  0.44/turn              (no ring)

@: lethally poisoned (0 -> -1)
A: no striking features
a: Renounce Religion


You were on level 8 of the Dungeon.
You worshipped Vehumet.
Vehumet was noncommittal.
You were not hungry.

You visited 2 branches of the dungeon, and saw 9 of its levels.
You also visited: Ossuary.

You collected 362 gold pieces.

Inventory:

Hand Weapons
 a - a +1 short sword (weapon)
Missiles
 g - 131 stones (quivered)
 i - 31 sling bullets
 m - a throwing net
 r - 65 bolts
 u - 45 arrows
Armour
 d - a cursed +0 buckler
 f - a +2 robe of positive energy
 p - a +1 cloak (worn)
 D - a +1 robe of the Archmagi (worn)
Jewellery
 j - a ring of wizardry (left hand)
 o - an amulet of magic regeneration (around neck)
 H - an uncursed ring of positive energy {unknown}
Wands
 w - a wand of iceblast (8)
 C - a wand of scattershot (4)
 E - a wand of flame (24)
Scrolls
 c - 3 scrolls of teleportation
 n - 4 scrolls of identify
 v - 3 scrolls of immolation
 y - 2 scrolls of remove curse
Potions
 b - a potion of curing
 h - 2 potions of heal wounds
 k - 2 potions of ambrosia {unknown}
 l - 2 potions of brilliance {unknown}
 q - 3 potions of berserk rage {unknown}
 s - a potion of cancellation {unknown}
 t - 3 potions of flight {unknown}
 x - 6 potions of mutation
 z - 5 potions of degeneration {unknown}
 A - a potion of lignification {unknown}
 B - a potion of might
 F - a potion of resistance {unknown}
 G - a potion of agility {unknown}
Comestibles
 e - 17 rations


   Skills:
 - Level 2.4 Dodging
 - Level 2.4 Stealth
 + Level 9.3 Spellcasting
 * Level 10.4 Conjurations
 + Level 8.1 Fire Magic


You had 12 spell levels left.
You knew the following spells:

 Your Spells              Type           Power        Failure   Level  Hunger
a - Flame Tongue          Conj/Fire      #####        1%          1    None
b - Throw Flame           Conj/Fire      ######       1%          2    None
c - Conjure Flame         Conj/Fire      ######..     1%          3    None
d - Fireball              Conj/Fire      ######....   1%          5    ####...
e - Inner Flame           Hex/Fire       #####...     1%          3    None

Your spell library contained the following spells:

 Spells                   Type           Power        Failure   Level  Hunger
 Cause Fear               Hex            ###.......   22%         4    ##.....
 Slow                     Hex            ###.....     3%          2    None
 Sticky Flame             Conj/Fire      ######..     1%          4    ##.....
 Corona                   Hex            ###....      2%          1    None
 Portal Projectile        Hex/Tloc       ###...       7%          3    None
 Leda's Liquefaction      Hex/Erth       ###.......   22%         4    ##.....


Dungeon Overview and Level Annotations

Branches:
Dungeon (8/15)             Temple (1/1) D:6
   Lair: D:8-11

Altars:
Cheibriados
Dithmenos
Elyvilon
Fedhas
Gozag
Hepliaklqana
Kikubaaqudgha
Makhleb
Nemelex Xobeh
Okawaru
Qazlal
Ru
Sif Muna
Trog
Uskayaw
Vehumet
Wu Jian
Xom
Yredelemnul
Zin
The Shining One


Message History

Press: ? - help, Shift-Dir - straight line, f/p - centaur warrior
Aim: a centaur warrior, wielding a shortbow (lightly wounded)
You feel a surge of power!
The flame tongue hits the centaur warrior.
The centaur warrior is lightly wounded.
The centaur warrior unwields an uncursed shortbow.
The centaur warrior hits you.
* * * LOW HITPOINT WARNING * * *
Casting: Flame Tongue (safe; 1% risk of failure)
Confirm with . or Enter, or press ? or * to list all spells.
Aiming: Flame Tongue (safe; 1% risk of failure)
Press: ? - help, Shift-Dir - straight line, f/p - centaur warrior
Aim: a centaur warrior (lightly wounded)
You feel a surge of power!
The flame tongue hits the centaur warrior.
The centaur warrior is moderately wounded.
The sentinel's mark upon you fades away.
An adder comes into view.
The centaur warrior hits you.
You die...
P

#.# . #.# #'
#####.####
##.#
#...#.#..
...#
#.#.#.#.#
#..#
#...#...#
#..##.c(#...#
#uc'.#.#@#
#.K##.#Sc(#
#..# #.#...#
...# #.#.#.#
##.# #...#.#
#+ #####.#
#.# #.# ..#


You could see a centaur warrior and an adder.

Vanquished Creatures
  A centaur warrior (D:8)
  Psyche (D:8)
  An orc warrior (D:8)
  A sky beast (D:8)
  A phantom (D:7)
  4 ogres
  A centaur (D:5)
  3 bullfrogs
  2 scorpions
  4 killer bees (D:6)
  2 howler monkeys (D:7)
  3 hounds
  A jelly (D:7)
  5 orc wizards
  2 human zombies (Ossuary)
  A gnoll shaman (D:5)
  3 orc priests
  3 worker ants
  A killer bee zombie (D:7)
  A big kobold zombie (Ossuary)
  A hound skeleton (D:6)
  4 mummies (Ossuary)
  11 gnolls
  A howler monkey skeleton (D:4)
  8 adders
  A worker ant simulacrum (D:8)
  An ooze (D:3)
  2 adder zombies
  An adder skeleton (D:7)
  3 worms (D:2)
  A dart slug (D:2)
  2 leopard geckos
  14 orcs
  2 ball pythons
  6 giant cockroaches
  2 goblins
  3 hobgoblins (D:1)
  12 jackals
  6 quokkas
  9 bats
  6 frilled lizards
  2 hobgoblin zombies (Ossuary)
  5 kobolds
  A kobold zombie (Ossuary)
  A leopard gecko skeleton (D:4)
  A leopard gecko zombie (D:6)
  2 orc zombies (Ossuary)
  7 rats
156 creatures vanquished.

Notes
Turn   | Place    | Note
-------+----------+-------------------------------------------
     0 | D:1      | Hebeh the Deep Elf Fire Elementalist began the quest for the Orb.
     0 | D:1      | Reached XP level 1. HP: 10/10 MP: 6/6
   391 | D:1      | Reached XP level 2. HP: 15/15 MP: 6/8
   746 | D:2      | Reached skill level 2 in Conjurations
  1017 | D:2      | Reached XP level 3. HP: 17/19 MP: 6/10
  1675 | D:2      | Reached skill level 3 in Conjurations
  1904 | D:2      | Learned a level 2 spell: Throw Flame
  1908 | D:2      | Learned a level 3 spell: Conjure Flame
  1912 | D:2      | Learned a level 3 spell: Inner Flame
  1947 | D:3      | Reached XP level 4. HP: 24/24 MP: 9/11
  3011 | D:4      | Reached skill level 4 in Conjurations
  3011 | D:4      | Reached XP level 5. HP: 28/28 MP: 7/13
  3413 | D:4      | Noticed an ogre
  3417 | D:4      | Killed an ogre
  3417 | D:4      | Reached skill level 5 in Spellcasting
  3417 | D:4      | Reached XP level 6. HP: 32/32 MP: 7/15
  3572 | D:4      | Reached skill level 5 in Conjurations
  3887 | D:5      | Entered Level 5 of the Dungeon
  4015 | D:5      | Reached skill level 5 in Fire Magic
  4179 | D:5      | Found a sand-covered staircase.
  4202 | D:5      | Learned a level 5 spell: Fireball
  4203 | Ossuary  | Entered an ossuary
  4436 | Ossuary  | Reached XP level 7. HP: 20/36 MP: 10/17
  4647 | Ossuary  | Reached skill level 6 in Conjurations
  5259 | D:5      | Found a stormy altar of Qazlal.
  5439 | D:5      | Found an ancient bone altar of Kikubaaqudgha.
  5554 | D:5      | Reached skill level 7 in Conjurations
  6013 | D:6      | Reached XP level 8. HP: 40/41 MP: 14/20
  6230 | D:6      | Found a staircase to the Ecumenical Temple.
  6241 | Temple   | Entered the Ecumenical Temple
  6590 | D:6      | Found a shimmering altar of Xom.
  7575 | D:7      | Reached skill level 8 in Conjurations
  7839 | D:7      | Found a shadowy altar of Dithmenos.
  7981 | D:7      | Reached skill level 9 in Conjurations
  8298 | D:8      | Noticed Psyche
  8301 | D:8      | Killed Psyche
  8301 | D:8      | Reached XP level 9. HP: 45/45 MP: 8/23
  8349 | D:8      | Found a radiant altar of Vehumet.
  8351 | D:8      | Found a sacrificial altar of Ru.
  8359 | D:8      | Found an opulent altar of Gozag.
  8360 | D:8      | Found a white marble altar of Elyvilon.
  8362 | D:8      | Found a glowing golden altar of the Shining One.
  8371 | D:8      | Became a worshipper of Vehumet
  8394 | D:8      | Noticed a centaur warrior
  8410 | D:8      | Noticed a centaur warrior
  8412 | D:8      | Killed a centaur warrior
  8412 | D:8      | Reached skill level 10 in Conjurations
  8412 | D:8      | Noticed a cyan ugly thing
  8421 | D:8      | HP: 2/45 [centaur warrior (2)]
  8422 | D:8      | Slain by a centaur warrior

Vault maps used:
D:1:      lordsloth_arrival_two_stooges
D:2:      first_ration
D:4:      st_stairs_6
D:5:      nicolae_overflow_crystal_walls, marbit_many_paths,
          nicolae_ossuary_entry_ruins
D:6:      temple_fountains, basic_altar
D:7:      grunt_dithmenos_shadows
D:8:      minmay_the_grid_plus_closed, minitemple, uniq_psyche
Temple:   nicolae_temple_figure_eight
Ossuary:  ossuary_crypta

Skill      XL: |  1  2  3  4  5  6  7  8  9 |
---------------+----------------------------+-----
Conjurations   | 2 3 4 5 7 9 10 | 10.4
Spellcasting   | 4 5 6 8 9 |  9.3
Fire Magic     | 4 5 6 7 8 |  8.1
Dodging        | |  2.4
Stealth        | |  2.4

Action                   |  1- 3 |  4- 6 |  7- 9 || total
-------------------------+-------+-------+-------++-------
Melee: Short sword       |       |       |     2 ||     2
Throw: Stone             |    61 |    20 |     1 ||    82
 Cast: Flame Tongue      |    65 |    72 |   109 ||   246
       Throw Flame       |       |    35 |    15 ||    50
       Conjure Flame     |       |     1 |       ||     1
       Fireball          |       |       |    40 ||    40
  Use: Scroll            |     4 |     6 |     4 ||    14
       Potion            |       |       |     2 ||     2
  Eat: Chunk             |     3 |     4 |    14 ||    21
       Ration            |       |     1 |     3 ||     4
Armor: Robe              |     1 |     2 |    12 ||    15
Dodge: Dodged            |     7 |    13 |    45 ||    65

Table legend:
 A = Spawn XP
 B = Non-spawn XP
 C = Spawn XP percentage of total XP
 D = Spawn monster count
 E = Non-spawn monster count
 F = Spawn count percentage of total count
 G = Total turns spent on level
                    A         B        C        D         E        F      G
               +---------+---------+-------+---------+---------+-------+---------
         Total |       0 |    4464 |   0.0 |       0 |     156 |   0.0 |  8422
               +---------+---------+-------+---------+---------+-------+---------
           D:1 |       0 |      16 |   0.0 |       0 |      11 |   0.0 |   745
           D:2 |       0 |      80 |   0.0 |       0 |      27 |   0.0 |  1197
           D:3 |       0 |      25 |   0.0 |       0 |      12 |   0.0 |   693
           D:4 |       0 |     408 |   0.0 |       0 |      18 |   0.0 |  1371
           D:5 |       0 |     619 |   0.0 |       0 |      26 |   0.0 |  1239
           D:6 |       0 |     436 |   0.0 |       0 |      19 |   0.0 |  1346
           D:7 |       0 |     844 |   0.0 |       0 |      22 |   0.0 |   989
           D:8 |       0 |    1855 |   0.0 |       0 |       9 |   0.0 |   125
       Ossuary |       0 |     181 |   0.0 |       0 |      12 |   0.0 |   527
               +---------+---------+-------+---------+---------+-------+---------
